 Dungeon Crawl Stone Soup version 0.26.1-11-gd32895ea62 (webtiles) character file.

Game seed: 16400355212686028223

295 KamiKatze the Conjurer (level 6, -2/45 HPs)
             Began as a Draconian Conjurer on June 7, 2021.
             Killed by divine providence
             ... invoked by an orc priest
              (13 damage)
             ... on level 5 of the Dungeon.
             The game lasted 00:14:34 (3507 turns).

KamiKatze the Conjurer (Draconian Conjurer)         Turns: 3507, Time: 00:14:34

Health: -2/45      AC:  9    Str:  9    XL:     6   Next: 11%
Magic:  10/11      EV: 12    Int: 21    God:
Gold:   236        SH:  0    Dex:  9    Spells: 5/12 levels left

rFire    . . .     SeeInvis .   m - +0 spear
rCold    . . .     Faith    .   (no shield)
rNeg     . . .     Spirit   .   (armour unavailable)
rPois    .         Reflect  .   (helmet restricted)
rElec    .         Harm     .   o - +2 cloak
rCorr    .         Rampage  .   (no gloves)
Will     .....                  (no boots)
Stlth    ++........             (no amulet)
HPRegen  0.15/turn              (no ring)
MPRegen  0.12/turn              (no ring)

@: no status effects
A: unfitting armour, cold-blooded, AC +6
a: no special abilities


You were on level 5 of the Dungeon.
You visited 1 branch of the dungeon, and saw 5 of its levels.

You collected 236 gold pieces.

Inventory:

Hand Weapons
 a - a +0 dagger
 m - a +0 spear (weapon)
Missiles
 i - 65 stones
 n - 34 poisoned darts (quivered)
Armour
 o - a +2 cloak (worn)
 q - a +0 buckler
Scrolls
 b - 3 scrolls of remove curse
 f - a scroll of enchant armour {unknown}
 h - 2 scrolls of amnesia
 l - 5 scrolls of identify
 p - a scroll of teleportation
Potions
 c - 2 potions of ambrosia {unknown}
 d - 3 potions of flight
 e - a potion of cancellation {unknown}
 g - a potion of haste {unknown}
 j - 3 potions of curing {unknown}
 k - a potion of attraction {unknown}
 r - a potion of resistance {unknown}
 s - 2 potions of might {unknown}


   Skills:
 - Level 2.0 Dodging
 - Level 2.0 Stealth
 * Level 3.9 Spellcasting
 * Level 5.5 Conjurations
 * Level 2.2 Hexes


You had 5 spell levels left.
You knew the following spells:

 Your Spells              Type           Power        Failure   Level
a - Magic Dart            Conj           100%         1%          1
b - Searing Ray           Conj           54%          1%          2
c - Fulminant Prism       Conj/Hex       10%          24%         4

Your spell library contained the following spells:

 Spells                   Type           Power        Failure   Level
 Corona                   Hex            14%          4%          1
 Dazzling Flash           Conj/Hex       40%          8%          3
 Animate Skeleton         Necr           8%           12%         1
 Apportation              Tloc           8%           12%         1
 Summon Small Mammal      Summ           16%          12%         1
 Confusing Touch          Hex            13%          14%         3
 Gell's Gravitas          Tloc           2%           36%         3
 Iskenderun's Mystic Bla  Conj/Tloc      15%          36%         4
 Petrify                  Tmut/Erth      4%           77%         4
 Metabolic Englaciation   Hex/Ice        4%           91%         5
 Yara's Violent Unravell  Hex/Tmut       4%           91%         5


Dungeon Overview and Level Annotations

Branches:
Dungeon (5/15)
 Temple: D:4-7

Altars:


Innate Abilities, Weirdness & Mutations

Your plain brown scales are hard. (AC +6)
You cannot fit into any form of body armour.
You are cold-blooded and may be slowed by cold attacks.


Message History

s - 2 bubbling dark potions
l - 5 scrolls of identify (gained 2)
You see here 16 bolts.
Found 9 gold pieces.
You now have 236 gold pieces (gained 9).
You hear the brisk hiss of a very distant avalanche of sand.
The orc priest shouts!
You hear an angry hiss.
The orc priest shouts!
You hear a shout!
An adder comes into view.
Found a +0 dagger.
The orc priest zaps a wand.
You are blasted!
Ouch! That really hurt!
* * * LOW HITPOINT WARNING * * *
Unknown command.
The orc priest invokes the aid of Beogh against you.
Pain shoots through your body!
* * * LOW HITPOINT WARNING * * *
The orc priest mumbles some strange prayers to Beogh against you.
Beogh smites you!
You die...

#....# #...###.o.#
###.###. ##....###
#...##......# #. .
...............##.####...#
#. . ##....#####..$..#.#
##..# ##############!#.#
#..... ###...## o#.###..#
# ###......# o......#
##........######...###
##.....###......@.....#
#....### ########.###...
...### #....oo...# ..##
#......o..# .##
#.....c...# ##
...........# #
###......)..# #.........#
#.........#


You could see a centaur (wandering), 2 orc priests and an orc.

Vanquished Creatures
  An ogre (D:5)
  A howler monkey (D:4)
  A hound (D:5)
  3 adders
  An ufetubus (D:5)
  An ooze (D:3)
  An adder skeleton (D:5)
  6 worms
  2 dart slugs (D:1)
  2 leopard geckos (D:2)
  6 orcs
  A ball python (D:1)
  4 bats
  3 giant cockroaches
  5 goblins
  9 hobgoblins
  A frilled lizard (D:1)
  4 kobolds
  6 rats
58 creatures vanquished.

Vanquished Creatures (others)
  An orc wizard (D:5)
1 creature vanquished.

Grand Total: 59 creatures vanquished

Notes
Turn   | Place    | Note
-------+----------+-------------------------------------------
     0 | D:1      | KamiKatze the Draconian Conjurer began the quest for the
                  | Orb.
     0 | D:1      | Reached XP level 1. HP: 14/14 MP: 3/3
   129 | D:1      | Reached XP level 2. HP: 20/20 MP: 0/5
   132 | D:1      | Learned a level 2 spell: Searing Ray
   816 | D:2      | Reached XP level 3. HP: 15/26 MP: 2/6
  1822 | D:3      | Reached XP level 4. HP: 25/33 MP: 6/8
  1827 | D:3      | Learned a level 4 spell: Fulminant Prism
  2838 | D:4      | Reached skill level 5 in Conjurations
  2838 | D:4      | Reached skill level 1 in Hexes
  3255 | D:5      | Entered Level 5 of the Dungeon
  3271 | D:5      | Reached XP level 5. HP: 38/38 MP: 5/10
  3357 | D:5      | Noticed a centaur
  3439 | D:5      | Noticed an ogre
  3444 | D:5      | Killed an ogre
  3445 | D:5      | Reached XP level 6. HP: 45/45 MP: 4/11
  3507 | D:5      | Killed from afar by an orc priest

Illustrated notes

Levels and vault maps discovered:
D:1:      psy_arrival_statuary, layout_basic, minmay_misc_feat_encased,
          serial_bayou_pond_a
D:2:      layout_basic, hangedman_decor_peaks_small, st_stairs_14,
          minmay_misc_feat_pillars, interstate_on_off
D:3:      layout_loops_corners
D:4:      layout_loops_ring
D:5:      layout_rooms, nicolae_ossuary_entry_false_entrances, serial_curves,
          eino_curves_01, eino_curves_04

Skill      XL: |  1  2  3  4  5 |
---------------+----------------+-----
Dodging        | 2 |  2.0
Stealth        | 2 |  2.0
Spellcasting   | 3 |  3.9
Conjurations   | 5 |  5.5
Hexes          | 1 2 |  2.2

Action                   |  1- 3 |  4- 6 || total
-------------------------+-------+-------++-------
Melee: Club              |    10 |       ||    10
       Unarmed           |     2 |       ||     2
       Dagger            |    12 |       ||    12
       Spear             |    27 |     9 ||    36
       Tailslap          |     3 |       ||     3
Throw: Stone             |     1 |       ||     1
 Cast: Magic Dart        |    42 |    15 ||    57
       Searing Ray       |     6 |    12 ||    18
  Use: Scroll            |       |     5 ||     5
 Stab: Sleeping          |     1 |       ||     1
Armor: Skin              |    12 |     5 ||    17
Dodge: Dodged            |    35 |     9 ||    44
